 Dungeon Crawl Stone Soup version 0.26.0-10-g1f06aea511 (webtiles) character file.

Game seed: 9662098897226066747

41 shitwizard the Chopper (level 3, 0/29 HPs)
             Began as a Demonspawn Chaos Knight on Jan 24, 2021.
             Was a Plaything of Xom.
             Slain by a queen bee (5 damage)
             ... on level 2 of the Dungeon.
             The game lasted 00:01:27 (1253 turns).

shitwizard the Chopper (Demonspawn Chaos Knight)    Turns: 1253, Time: 00:01:29

Health: 0/29       AC:  5    Str: 12    XL:     3   Next: 32%
Magic:  3/3        EV: 11    Int: 14    God:    Xom [....*.]
Gold:   42         SH:  0    Dex: 12    Spells: 2/2 levels left

rFire    . . .     SeeInvis .   a - +0 hand axe (chaos)
rCold    . . .     Faith    .   (no shield)
rNeg     . . .     Spirit   .   b - +2 leather armour
rPois    .         Reflect  .   (no helmet)
rElec    .         Harm     .   (no cloak)
rCorr    .         Rampage  .   (no gloves)
Will     .....                  (no boots)
Stlth    +.........             (no amulet)
HPRegen  0.09/turn              (no ring)
MPRegen  0.08/turn              (no ring)

@: lethally poisoned (0 -> -17)
A: foul stench 1, miasma immunity
a: Renounce Religion


You were on level 2 of the Dungeon.
You worshipped Xom.
You were a beloved toy of Xom.
You visited 1 branch of the dungeon, and saw 2 of its levels.

You collected 42 gold pieces.

Inventory:

Hand Weapons
 a - a +0 hand axe of chaos (weapon)
Armour
 b - a +2 leather armour (worn)
Scrolls
 d - a scroll of identify {unknown}
 f - a scroll of teleportation {unknown}
Potions
 c - 2 potions of might {unknown}
 e - 2 potions of lignification {unknown}
 g - a potion of attraction {unknown}


   Skills:
 - Level 3.2 Fighting
 + Level 3.6 Axes
 - Level 2.1 Armour
 - Level 0.8 Dodging
 + Level 0.2 Stealth


You had 2 spell levels left.
You didn't know any spells.
Your spell library was empty.

Dungeon Overview and Level Annotations

Branches:
Dungeon (2/15)

Altars:


Innate Abilities, Weirdness & Mutations

You may emit foul miasma when damaged in melee.
You are immune to miasma.


Message History

You miss the adder. The adder bites you but does no damage.
The queen bee stings you!
You are lethally poisoned!
The queen bee poisons you!
The queen bee looks sick.
The adder barely misses you.
You hit the queen bee but do no damage.
The queen bee suddenly seems more agile.
Xom thinks this is hilarious!
The queen bee is severely wounded.
You hit the adder. You burn the adder.
* * * LOW HITPOINT WARNING * * *
You feel sick. The adder barely misses you. The queen bee barely misses you.
The adder closely misses you.
You miss the queen bee.
The queen bee is severely wounded.
You miss the adder.
* * * LOW HITPOINT WARNING * * *
You feel sick. The queen bee stings you.
You die...
Xom howls with laughter!

#.. ### #.<####.. #.
#.......## ## #.#
#.#...... .#
#.######.......# .#
#.#............# .#
#.#.# #...yS..# .#
#.#.# #.>..@..#
.####.#.####.......#
................##.#
.##.....####.### #.#
.............# #.#
###.....###### #.#
........##########.#
#######........)...#
##############


You could see a queen bee (agile, sick) and an adder (sick).

Vanquished Creatures
  An adder (D:2)
  An ooze (D:1)
  A dart slug (D:1)
  A leopard gecko (D:1)
  A ball python (D:1)
  A giant cockroach (D:1)
  3 goblins (D:1)
  4 hobgoblins (D:1)
  4 bats (D:1)
  A frilled lizard (D:2)
  3 kobolds (D:1)
  5 rats (D:1)
26 creatures vanquished.

Notes
Turn   | Place    | Note
-------+----------+-------------------------------------------
     0 | D:1      | shitwizard the Demonspawn Chaos Knight began the quest for
                  | the Orb.
     0 | D:1      | Reached XP level 1. HP: 18/18 MP: 1/1
    74 | D:1      | XOM: potion effect (berserk rage)
   124 | D:1      | Gained mutation: You are immune to miasma. [demonic
                  | ancestry]
   124 | D:1      | Reached XP level 2. HP: 21/24 MP: 2/2
   566 | D:1      | XOM: silly message
   646 | D:1      | XOM: divination: detect creatures
   650 | D:1      | Gained mutation: You may emit foul miasma when damaged in
                  | melee. [demonic ancestry]
   650 | D:1      | Reached XP level 3. HP: 22/29 MP: 3/3
  1249 | D:2      | Noticed a queen bee
  1253 | D:2      | Slain by a queen bee

Illustrated notes

Levels and vault maps discovered:
D:1:      nagdon_arrival_double_spiral, layout_rooms
D:2:      layout_loops_ring, nemelex_diamond_rough_becter

Skill      XL: |  1  2 |
---------------+-------+-----
Armour         | 2 |  2.1
Axes           | 3 |  3.6
Fighting       | |  3.2
Dodging        | |  0.8
Stealth        | |  0.2

Action                   || total
-------------------------++-------
Melee: Hand axe          ||    86
Armor: Leather armour    ||    45
Dodge: Dodged            ||    61
